 Dungeon Crawl Stone Soup version 0.25.1-2-g60ff931df9 (webtiles) character file.

Game seed: 7792188110928268207

496 Drachen the Ducker (level 6, -2/48 HPs)
             Began as a Demigod Gladiator on Oct 25, 2020.
             Killed by divine providence
             ... invoked by an orc priest
              (10 damage)
             ... on level 5 of the Dungeon.
             The game lasted 00:07:30 (4273 turns).

Drachen the Ducker (Demigod Gladiator)              Turns: 4273, Time: 00:07:31

Health: -2/48      AC: 11    Str: 19    XL:     6   Next: 61%
Magic:  8/8        EV: 12    Int: 12    God:
Gold:   166        SH:  0    Dex: 19    Spells: 5/5 levels left

rFire    . . .     SeeInvis .   a - +1 long sword
rCold    . . .     Gourm    .   (no shield)
rNeg     . . .     Faith    .   b - +0 scale mail
rPois    .         Spirit   .   c - +0 helmet
rElec    .         Reflect  .   (no cloak)
rCorr    .         Harm     .   (no gloves)
MR       .....                  (no boots)
Stlth    ..........             (no amulet)
HPRegen  0.16/turn              g - +4 ring of protection
MPRegen  0.11/turn              (no ring)

@: no status effects
A: high mp 1
a: no special abilities


You were on level 5 of the Dungeon.
You were very hungry.

You visited 1 branch of the dungeon, and saw 6 of its levels.

You collected 166 gold pieces.

Inventory:

Hand Weapons
 a - a +1 long sword (weapon)
Missiles
 d - 2 throwing nets (quivered)
 k - 17 poisoned darts
 t - 87 stones
Armour
 b - a +0 scale mail (worn)
 c - a +0 helmet (worn)
Jewellery
 g - a +4 ring of protection (left hand)
Wands
 e - a wand of random effects (16)
Scrolls
 l - 4 scrolls of remove curse
 n - a scroll of noise {unknown}
 o - a scroll of random uselessness {unknown}
 q - a scroll of identify
 s - a scroll of immolation {unknown}
Potions
 h - a potion of berserk rage {unknown}
 i - 2 potions of invisibility
 j - a potion of lignification
 r - a potion of stabbing {unknown}
Comestibles
 f - 6 rations


   Skills:
 - Level 2.0 Fighting
 + Level 4.2 Long Blades
 + Level 3.7 Throwing
 + Level 3.0 Armour
 + Level 4.2 Dodging


You had 5 spell levels left.
You didn't know any spells.
Your spell library was empty.

Dungeon Overview and Level Annotations

Branches:
Dungeon (6/15)
 Temple: D:4-7

Annotations:
D:3 3 runed translucent doors, Wutend's ghost, amateur DsFE


Innate Abilities, Weirdness & Mutations

You have an increased reservoir of magic. (+10% MP)


Message History

The orc priest is moderately wounded.
You strike the helpless orc priest from behind!
You hit the orc priest.
The orc priest is heavily wounded.
The orc priest struggles against the net. x2
You hit the orc priest.
The orc priest is severely wounded.
The orc priest mumbles some strange prayers to Beogh against you.
Beogh smites you!
* * * LOW HITPOINT WARNING * * *
The orc priest struggles against the net.
You hit the orc priest but do no damage.
The orc priest is severely wounded.
An orc priest comes into view. It is wielding a -3 war axe.
You hit the orc priest.
The orc priest is almost dead.
The orc priest struggles against the net.
The orc priest calls down the wrath of Beogh upon you.
Beogh smites you!
You die...

### ### ###
#################.#######.# #.#
#.........................# #..
##.######################.# #.#
........................#.# #.#
##.####################.#.# #.#
.#.# #.#.# #.###
.#.####################.#.###.#.#
...............o@.............>.#
.#.####.#.####o########.#.#.#.#.#
.#.# ##'##### #.#.#.#...# .#.#
###.o....## #.#.#.###.# .#.#
#.........# #.#.#.....# ##.#
#.####'##o.##.#.####### ...# #.
#.⌠.##..#.#.. #### #
##..)##...##### ##...##...oo..


You could see 2 orc priests.

Vanquished Creatures
  An ogre (D:5)
  A howler monkey (D:2)
  A hound (D:5)
  Jessica (D:2)
  5 orc wizards
  Robin (D:4)
  6 adders
  An ooze (D:2)
  3 worms
  2 leopard geckos
  14 orcs
  A ball python (D:3)
  4 giant cockroaches
  10 hobgoblins
  3 jackals (D:2)
  2 quokkas
  8 bats
  12 frilled lizards
  13 goblins
  8 kobolds
  10 rats
107 creatures vanquished.

Notes
Turn   | Place    | Note
-------+----------+-------------------------------------------
     0 | D:1      | Drachen the Demigod Gladiator began the quest for the Orb.
     0 | D:1      | Reached XP level 1. HP: 17/17 MP: 3/3
   374 | D:1      | Reached XP level 2. HP: 15/24 MP: 4/4
  1061 | D:2      | Found a glowing silver altar of Zin.
  1086 | D:2      | Reached skill level 1 in Armour
  1086 | D:2      | Reached XP level 3. HP: 29/29 MP: 5/5
  1092 | D:2      | Noticed Jessica
  1098 | D:2      | Killed Jessica
  1249 | D:2      | Reached XP level 4. HP: 36/36 MP: 6/6
  2094 | D:3      | Reached XP level 5. HP: 31/41 MP: 4/7
  2222 | D:3      | Found a runed translucent gate.
  2222 | D:3      | Found a runed translucent gate.
  2698 | D:3      | Found a runed translucent gate.
  2700 | D:3      | Found an opulent altar of Gozag.
  2702 | D:3      | Noticed an orc warrior
  2702 | D:3      | Noticed Wutend's ghost (amateur DsFE)
  2909 | D:3      | Found an iron altar of Okawaru.
  3049 | D:3      | Found an ornate altar of the Wu Jian Council.
  3052 | D:3      | Found a shimmering blue altar of Sif Muna.
  3055 | D:3      | Found a sacrificial altar of Ru.
  3334 | D:4      | Noticed Robin
  3439 | D:4      | Killed Robin
  3484 | D:4      | You fall into a shaft and drop 2 floors!
  3861 | D:6      | Reached XP level 6. HP: 48/48 MP: 8/8
  3947 | D:5      | Entered Level 5 of the Dungeon
  4273 | D:5      | Killed from afar by an orc priest

Illustrated notes

Levels and vault maps discovered:
D:1:      dpeg_arrival_central, layout_loops_corners
D:2:      layout_basic, lemuel_doored_altar, minmay_misc_feat_five, uniq_jessica
D:3:      layout_basic, kennysheep_okawaru_gauntlet,
          grunt_temple_overflow_diamond, ebering_ghost_gozag, first_ration,
          minmay_lizard_king
D:4:      layout_rooms, elyvilon_altar_5, minmay_temple_entry_proselytizer,
          uniq_robin
D:5:      layout_basic, grunt_decor_arrowhead
D:6:      minmay_cornered_nines, layout_basic, uniq_blork_the_orc

Skill      XL: |  1  2  3  4  5  6 |
---------------+-------------------+-----
Fighting       | 2 |  2.0
Throwing       | 2 3 |  3.7
Long Blades    | 3 4 |  4.2
Armour         | 1 2 3 |  3.0
Dodging        | 3 4 |  4.2

Action                   |  1- 3 |  4- 6 || total
-------------------------+-------+-------++-------
Melee: Long sword        |    59 |   225 ||   284
Throw: Dart              |     2 |       ||     2
       Stone             |       |     4 ||     4
       Throwing net      |       |     1 ||     1
  Use: Scroll            |     3 |     1 ||     4
       Potion            |       |     2 ||     2
 Stab: Held in net/web   |       |     1 ||     1
  Eat: Chunk             |     1 |     9 ||    10
Armor: Leather armour    |     7 |       ||     7
       Ring mail         |    18 |    28 ||    46
       Scale mail        |       |    49 ||    49
       Skin              |       |     8 ||     8
Dodge: Dodged            |    50 |   167 ||   217
       Rpst.: Long sword |    17 |    43 ||    60
